 Dungeon Crawl Stone Soup version 0.31-a0-988-g08d55dae12 (webtiles) character file.

Game seed: 4584890088466256383

196 Pixllover the Chopper (level 5, -6/47 HPs)
             Began as a Hill Orc Monk on Nov 4, 2023.
             Was a Believer of Beogh.
             Mangled by a gnoll bouda
             ... wielding a +0 club
              (10 damage)
             ... on level 4 of the Dungeon.
             The game lasted 00:05:33 (2903 turns).

Pixllover the Chopper (Hill Orc Monk)               Turns: 2903, Time: 00:05:34

Health: -6/47      AC:  8    Str: 16    XL:     5   Next: 75%
Magic:  5/5        EV: 11    Int: 10    God:    Beogh [**....]
Gold:   46         SH:  0    Dex: 13    Spells: 4/4 levels left

rFire   . . .        r - +0 war axe
rCold   . . .        d - orb {light}
rNeg    . . .        e - +0 ring mail
rPois   .            (no helmet)
rElec   .            l - +0 cloak
rCorr   +            h - +0 pair of gloves
SInv    .            b - +0 pair of boots
Will    .....        (no amulet)
Stlth   +            p - ring of resist corrosion
HPRegen 0.27/turn    (no ring)
MPRegen 0.09/turn

%: no passive effects
@: glowing
A: no striking features
a: Renounce Religion, Smiting


You were on level 4 of the Dungeon.
You worshipped Beogh.
Beogh was pleased with you.
You visited 2 branches of the dungeon, and saw 5 of its levels.

You collected 106 gold pieces.
You spent 60 gold pieces at shops.

Inventory:

Hand Weapons
 r - a +0 war axe (weapon)
Missiles
 j - 11 poisoned darts
Armour
 b - a +0 pair of boots (worn)
 d - an orb of light (worn)
 e - a +0 ring mail (worn)
 h - a +0 pair of gloves (worn)
 l - a +0 cloak (worn)
Jewellery
 a - a +4 ring of protection
 k - a ring of protection from fire
 p - a ring of resist corrosion (left hand)
Scrolls
 f - a scroll of blinking {unknown}
 g - a scroll of brand weapon {unknown}
 i - a scroll of immolation {unknown}
 m - a scroll of enchant armour {unknown}
 n - a scroll of amnesia {unknown}
 v - 2 scrolls of teleportation
Potions
 c - 2 potions of ambrosia
 o - a potion of enlightenment
 q - a potion of attraction
 s - 3 potions of curing
 t - a potion of haste
 u - a potion of heal wounds


   Skills:
 + Level 4.7 Fighting
 + Level 6.4 Axes
 + Level 2.1 Armour
 + Level 2.8 Dodging
 + Level 0.2 Stealth


You had 4 spell levels left.
You didn't know any spells.
Your spell library contained the following spells:

 Spells                   Type           Power      Damage    Failure   Level
 Sublimation of Blood     Necr           0%         N/A       71%         2
 Wereblood                Tmut           0%         N/A       71%         2
 Inner Flame              Hex/Fire       0%         N/A       91%         3
 Flame Wave               Conj/Fire      0%         2d4       100%        4
 Sticky Flame             Conj/Fire      0%         2d3       100%        4
 Summon Hydra             Summ           0%         N/A       100%        7


Dungeon Overview and Level Annotations

Branches:
Dungeon (4/15)             Temple (1/1) D:4

Altars:
Ashenzari
Cheibriados
Dithmenos
Elyvilon
Fedhas
Gozag
Hepliaklqana
Makhleb
Nemelex Xobeh
Okawaru
Qazlal
Ru
Sif Muna
Trog
Uskayaw
Vehumet
Wu Jian
Xom
Yredelemnul
The Shining One

Shops:
D:3 [=*:


Message History

The gnoll hits you with a +0 club.
The gnoll hits you from afar with a +0 spear. x2
The gnoll bouda hits you with a +0 club.
The ball python closely misses you. The ball python misses you.
A jackal comes into view.
You see here a jackal corpse.
The jackal barks!
You slash the gnoll!
The gnoll is almost dead.
You barely miss the gnoll bouda. You slash the ball python!
You kill the ball python!
Beogh accepts your kill.
You hear a shout!
The gnoll barely misses you.
The gnoll hits you from afar with a +0 spear.
The gnoll barely misses you.
A kobold comes into view. It is wielding a +0 short sword.
The gnoll bouda barely misses you. The jackal closely misses you.
You hit the gnoll but do no damage.
The gnoll is almost dead.
You hit the gnoll bouda. You barely miss the jackal.
The gnoll closely misses you.
The gnoll hits you from afar with a +0 spear.
The jackal bites you.
The gnoll hits you from afar with a +0 spear.
The gnoll bouda hits you with a +0 club.
The gnoll hits you with a +0 club. The gnoll barely misses you.
You completely miss the gnoll.
The gnoll is almost dead.
You slash the gnoll bouda! You slash the jackal!
You kill the jackal!
Beogh accepts your kill.
The gnoll hits you from afar with a +0 spear!
* * * LOW HITPOINT WARNING * * *
The gnoll bouda hits you with a +0 club.
* * * LOW HITPOINT WARNING * * *
The gnoll barely misses you. The gnoll hits you but does no damage.
The orc misses you.
The gnoll bouda hits you with a +0 club!
You die...

## ##รท...##.#
.....
....#..>.###.##
....
#.....###..###
....
#...##...#......
... #....#
##.(..### ...
###.####.....#
#..#....#####
#.#.g..##
#...#@g#
#####o##


ggg ..h.. ...K... .......?. .#..$...... ............# You could see a gnoll
bouda, 4 gnolls, an orc, a jackal and a kobold.

Vanquished Creatures
  Crazy Yiuf (D:3)
  Natasha (thrice) (D:2)
  An orc wizard (D:3)
  An adder (D:4)
  2 dart slugs (D:3)
  An orc (D:3)
  2 endoplasms (D:2)
  A giant cockroach (D:3)
  5 goblins
  4 hobgoblins
  5 jackals
  5 kobolds
  3 quokkas
  10 ball pythons
  7 bats
  5 frilled lizards
  4 rats
60 creatures vanquished.

Vanquished Creatures (others)
  An orc priest (D:3)
  An orc (D:3)
2 creatures vanquished.

Grand Total: 62 creatures vanquished

Notes
Turn   | Place    | Note
-------+----------+-------------------------------------------
     0 | D:1      | Pixllover the Hill Orc Monk began the quest for the Orb.
     0 | D:1      | Reached XP level 1. HP: 19/19 MP: 1/1
   307 | D:1      | Reached XP level 2. HP: 14/27 MP: 2/2
  1006 | D:2      | Noticed Natasha
  1014 | D:2      | Killed Natasha
  1015 | D:2      | Reached XP level 3. HP: 16/33 MP: 3/3
  1130 | D:2      | Found a stormy altar of Qazlal.
  1283 | D:2      | Reached skill level 5 in Axes
  1594 | D:2      | You fall into a shaft and drop 2 floors!
  1607 | D:4      | Found a staircase to the Ecumenical Temple.
  1622 | Temple   | Entered the Ecumenical Temple
  1836 | D:4      | Reached XP level 4. HP: 41/41 MP: 4/4
  1845 | D:3      | Found Jevyuh's Jewellery Shoppe.
  1888 | D:3      | Found a basalt altar of Yredelemnul.
  1899 | D:3      | Found Edasyc's Armour Shoppe.
  1907 | D:3      | Reached skill level 1 in Armour
  1968 | D:3      | Became a worshipper of Beogh the Brigand
  1968 | D:3      | Reached * piety under Beogh
  1968 | D:3      | Reached ** piety under Beogh
  1972 | D:3      | Found a blossoming altar of Fedhas.
  1982 | D:3      | Found a transporter.
  2003 | D:3      | Found Oluewine's Book Boutique.
  2007 | D:3      | Found a transporter.
  2346 | D:3      | Found Hucoli's General Store.
  2352 | D:3      | Bought a potion of curing for 30 gold pieces
  2352 | D:3      | Bought a scroll of teleportation for 30 gold pieces
  2405 | D:3      | Reached XP level 5. HP: 47/47 MP: 5/5
  2545 | D:3      | Found a runed translucent door.
  2546 | D:3      | Noticed Crazy Yiuf
  2552 | D:3      | Killed Crazy Yiuf
  2553 | D:3      | Reached skill level 6 in Axes
  2645 | D:2      | Noticed Natasha
  2648 | D:2      | Killed Natasha
  2698 | D:2      | Noticed Natasha
  2706 | D:2      | Killed Natasha
  2903 | D:4      | Mangled by a gnoll bouda

Illustrated notes

Levels and vault maps discovered:
D:1:      sevenhm_arrival_forest_fort_small_5, layout_basic, nrook_campfire
D:2:      layout_loops_cross, basic_altar, uniq_natasha
D:3:      layout_basic, lemuel_crystal_altar, mainiacjoe_overflow_alcove_4,
          serial_shops, shop, nicolae_shop_drivethru,
          nicolae_shop_tiny_statue_garden, shop, minmay_three_crescents,
          uniq_crazy_yiuf_cottage
D:4:      layout_rooms, nicolae_qazlal_eye_of_the_storm,
          minmay_temple_entry_wispy, minmay_crystal_water,
          hangedman_decor_slide_cut
Temple:   minmay_crystal_spiral_temple

Skill      XL: |  1  2  3  4  5 |
---------------+----------------+-----
Fighting       | 4 |  4.7
Axes           | 5 6 |  6.4
Armour         | 1 2 |  2.1
Dodging        | |  2.8
Stealth        | |  0.2

Action                     |  1- 3 |  4- 6 || total
---------------------------+-------+-------++-------
  Melee: Hand axe          |    74 |    23 ||    97
         War axe           |       |    47 ||    47
 Invoke: Convert to Beogh  |       |     1 ||     1
    Use: Scroll            |       |     4 ||     4
 Armour: Ring mail         |    48 |    68 ||   116
  Dodge: Dodged            |    45 |    57 ||   102

Table legend: (Time is in decaauts)
 A = Elapsed time spent in this place.
 B = Non-inter-level travel time spent in this place.
 C = Inter-level travel time spent in this place.
 D = Time resting spent in this place.
 E = Time spent auto-exploring this place.
 F = Levels seen in this place.
 G = Mean time per level.
                   A        B        C        D        E       F      G
               +--------+--------+--------+--------+--------+-----+--------+
         Total |   2923 |   2563 |    360 |    107 |   1681 |   5 |  584.6 |
       Dungeon |   2719 |   2507 |    212 |    107 |   1681 |   4 |  679.8 |
        Temple |    203 |     55 |    148 |      0 |      0 |   1 |  203.0 |
               +--------+--------+--------+--------+--------+-----+--------+

Top non-repeatable levels by time:
     D:1: 984 daAuts
     D:3: 855 daAuts
     D:2: 793 daAuts
  Temple: 203 daAuts
     D:4: 86 daAuts
